 Dungeon Crawl Stone Soup version 0.22.1-6-g1668fe2 (webtiles) character file.

1443 dvd the Chopper (level 8, -2/42 HPs)
             Began as a Vine Stalker Gladiator on Jan 27, 2019.
             Was a Believer of Makhleb.
             Slain by an orc warrior
             ... wielding a +0 flail
              (4 damage)
             ... while paralysed by the fury of Uskayaw
             ... on level 5 of the Dungeon.
             The game lasted 00:09:28 (4513 turns).

dvd the Chopper (Vine Stalker Gladiator)            Turns: 4513, Time: 00:09:29

Health: -2/42      AC: 15    Str: 18    XL:     8   Next: 74%
Magic:  0/9        EV:  2    Int:  8    God:    Makhleb [**....]
Gold:   222        SH:  0    Dex: 17    Spells: 7/7 levels left

rFire    . . .     SeeInvis .   a - +0 war axe
rCold    . . .     Gourm    .   m - +0 buckler
rNeg     . . .     Faith    .   n - +5 scale mail {MR+}
rPois    +         Spirit   +   c - +0 helmet
rElec    .         Reflect  .   I - +0 cloak
rCorr    .         Harm     .   (no gloves)
MR       ++...                  p - +0 pair of boots
Stlth    +.........             (no amulet)
HPRegen  0.54/turn              r - ring of poison resistance
MPRegen  0.11/turn              (no ring)

@: paralysed
A: fangs 3, regeneration 1, magic shield, antimagic bite, no potion heal 3, rot
immunity
a: Minor Destruction, Renounce Religion


You were on level 5 of the Dungeon.
You worshipped Makhleb.
Makhleb was pleased with you.
You were not hungry.

You visited 1 branch of the dungeon, and saw 6 of its levels.

You collected 222 gold pieces.

Inventory:

Hand Weapons
 a - a +0 war axe (weapon)
 s - a +0 hunting sling of freezing
 y - a +1 mace of protection
Missiles
 d - 3 throwing nets (quivered)
Armour
 c - a +0 helmet (worn)
 m - a +0 buckler (worn)
 n - a +5 scale mail of magic resistance (worn)
 p - a +0 pair of boots (worn)
 H - a +1 scale mail of fire resistance
 I - a +0 cloak (worn)
Jewellery
 r - a ring of poison resistance (left hand)
Wands
 z - a wand of iceblast (11)
 E - a wand of digging (8)
Scrolls
 b - a scroll of blinking {unknown}
 e - 7 scrolls of identify
 g - a scroll of enchant armour
 h - 2 scrolls of enchant weapon {unknown}
 i - 2 scrolls of remove curse
 j - 3 scrolls of magic mapping {unknown}
 t - 3 scrolls of fear {unknown}
 w - a scroll of teleportation {unknown}
 A - a scroll of noise {unknown}
 B - a scroll of immolation {unknown}
 F - a scroll of random uselessness {unknown}
 G - a scroll of amnesia {unknown}
Potions
 k - a potion of curing {unknown}
 l - 3 potions of flight {unknown}
 o - a potion of lignification {unknown}
 q - 3 potions of brilliance {unknown}
 u - 3 potions of heal wounds {unknown}
 v - a potion of resistance
 x - a potion of agility {unknown}
 D - a potion of might {unknown}
Comestibles
 f - 9 rations


   Skills:
 + Level 3.9 Fighting
 + Level 7.4 Axes
 + Level 1.8 Throwing
 + Level 3.6 Armour
 + Level 3.3 Dodging
 + Level 1.4 Stealth
 + Level 1.6 Shields
 + Level 0.5 Invocations


You had 7 spell levels left.
You didn't know any spells.
Your spell library was empty.

Dungeon Overview and Level Annotations

Branches:
Dungeon (6/15)
 Temple: D:4-7

Altars:
Dithmenos
Fedhas
Makhleb
Okawaru
Uskayaw


Innate Abilities, Weirdness & Mutations

You have razor-sharp teeth.
Your natural rate of healing is unusually fast.
When hurt, damage is shared between your health and your magic reserves.
Your bite disrupts and absorbs the magic of your enemies.
Potions cannot restore your health.
You are immune to rotting.


Message History

The orc warrior is almost dead.
The orc warrior hits you with a flail!
* * * LOW HITPOINT WARNING * * *
You barely miss the orc warrior. Your bite misses the orc warrior.
The orc warrior is almost dead.
The orc warrior hits you but does no damage.
You barely miss the orc warrior.
The orc warrior is almost dead.
The orc warrior hits you with a flail!
* * * LOW HITPOINT WARNING * * *
Unknown command.
Uskayaw booms out, "Time for someone else to take a solo" You suddenly lose the ability to move!
The orc warrior hits you but does no damage.
The orc warrior hits you with a flail.
* * * LOW HITPOINT WARNING * * *
The orc warrior hits you with a flail.
* * * LOW HITPOINT WARNING * * *
The orc warrior hits you with a flail.
You die...

# ##..####..## #.#
##...## #
##........# #.#
#...... #
#..######.## ####
##...### # #### #..#
##.###...## # ##..#
##..#....## # ##...#
##..##..### #
#####...####..###)##
# #.......o#...##
#.# #### #
#........@..## #.#
#... ##
###....###.## #.#
#... .### ###### ###
#.## #... ...## #..#
##... ....##
##..###.... .....##
#### #........##
......###..##
#.........#
.####.......#
##.....#... ##
##......# #....###..


You could see an orc warrior.

Vanquished Creatures
  Sigmund (D:5)
  An ice beast (D:6)
  A black bear (D:6)
  A sky beast (D:5)
  A centaur (D:3)
  A bullfrog (D:6)
  A scorpion (D:2)
  A howler monkey (D:4)
  A crimson imp (D:5)
  A centaur zombie (D:5)
  3 orc priests
  3 hounds
  An iguana (D:4)
  Terence (D:2)
  3 worker ants
  7 orc wizards
  A hound zombie (D:5)
  A howler monkey zombie (D:6)
  11 adders
  An ooze (D:3)
  3 worms
  A dart slug (D:1)
  2 leopard geckos
  14 orcs
  2 giant cockroaches
  9 hobgoblins
  3 jackals (D:2)
  8 kobolds
  A quokka (D:4)
  A ball python (D:1)
  A ball python skeleton (D:5)
  5 bats
  A frilled lizard (D:5)
  5 goblins
  6 rats
104 creatures vanquished.

Notes
Turn   | Place    | Note
-------+----------+-------------------------------------------
     0 | D:1      | dvd the Vine Stalker Gladiator began the quest for the Orb.
     0 | D:1      | Reached XP level 1. HP: 11/11 MP: 2/2
   161 | D:1      | Reached XP level 2. HP: 15/15 MP: 3/3
   162 | D:1      | Reached skill level 3 in Axes
  1050 | D:2      | Noticed Terence
  1058 | D:2      | Killed Terence
  1058 | D:2      | Reached skill level 1 in Armour
  1058 | D:2      | Reached XP level 3. HP: 14/18 MP: 2/4
  1127 | D:2      | Found a blossoming altar of Fedhas.
  1168 | D:2      | Found a faded altar of an unknown god.
  1190 | D:2      | Noticed a scorpion
  1199 | D:2      | Killed a scorpion
  1199 | D:2      | Gained mutation: Your natural rate of healing is unusually
                  | fast. [Vine Stalker growth]
  1199 | D:2      | Reached XP level 4. HP: 16/23 MP: 2/5
  1216 | D:2      | Became a worshipper of Uskayaw the Reveler
  1216 | D:2      | Reached * piety under Uskayaw
  1279 | D:2      | Found a burning altar of Makhleb.
  1400 | D:2      | Fell from the grace of Uskayaw
  1400 | D:2      | Became a worshipper of Makhleb the Destroyer
  1448 | D:2      | Reached skill level 4 in Axes
  1448 | D:2      | Reached XP level 5. HP: 12/27 MP: 3/6
  1675 | D:3      | Noticed a centaur
  1683 | D:3      | Killed a centaur
  1683 | D:3      | Reached XP level 6. HP: 12/32 MP: 2/7
  2500 | D:3      | Reached * piety under Makhleb
  2830 | D:4      | Found a shadowy altar of Dithmenos.
  2898 | D:4      | Found an iron altar of Okawaru.
  2915 | D:4      | Paralysed by the fury of Uskayaw for 7 turns
  3113 | D:4      | Reached skill level 5 in Axes
  3117 | D:4      | Reached XP level 7. HP: 19/36 MP: 4/8
  3117 | D:4      | Reached skill level 1 in Shields
  3213 | D:5      | Entered Level 5 of the Dungeon
  3468 | D:5      | Reached ** piety under Makhleb
  3567 | D:5      | Reached skill level 6 in Axes
  3679 | D:5      | Gained mutation: You have razor-sharp teeth. [Vine Stalker
                  | growth]
  3679 | D:5      | Reached XP level 8. HP: 40/40 MP: 9/9
  3723 | D:5      | Noticed Sigmund
  3735 | D:5      | Killed Sigmund
  4251 | D:6      | Reached skill level 1 in Stealth
  4370 | D:6      | Reached skill level 7 in Axes
  4508 | D:5      | Paralysed by the fury of Uskayaw for 7 turns
  4512 | D:5      | HP: 1/42 [orc warrior/flail (4)]
  4513 | D:5      | Slain by an orc warrior

Skill      XL: |  1  2  3  4  5  6  7  8 |
---------------+-------------------------+-----
Fighting       | 2 3 |  3.9
Axes           | 3 4 5 6 7 |  7.4
Armour         | 1 2 3 |  3.6
Dodging        | 3 |  3.3
Shields        | 1 |  1.6
Stealth        | 1 |  1.4
Throwing       | |  1.8
Invocations    | |  0.5

Action                   |  1- 3 |  4- 6 |  7- 9 || total
-------------------------+-------+-------+-------++-------
Melee: War axe           |    52 |   132 |   149 ||   333
       Bite              |    16 |    36 |    54 ||   106
Throw: Throwing net      |     1 |       |       ||     1
Invok: Minor Destruction |       |       |     2 ||     2
  Use: Scroll            |       |     1 |     2 ||     3
  Eat: Chunk             |     1 |     6 |     5 ||    12
Armor: Leather armour    |    18 |       |       ||    18
       Scale mail        |     1 |    69 |    71 ||   141
Dodge: Dodged            |    36 |    63 |    77 ||   176
Block: Buckler           |     2 |    25 |    30 ||    57
